 Dungeon Crawl Stone Soup version 0.23-a0-650-ga4d50d4d25 (webtiles) character file.

116338 Flugkiller the Eclecticist (level 16, -1/109 HPs)
             Began as an Octopode Earth Elementalist on Jan 6, 2019.
             Was a High Priest of Sif Muna.
             Slain by a salamander (6 damage)
             ... on level 2 of the Snake Pit on Jan 7, 2019.
             The game lasted 01:32:03 (39537 turns).

Flugkiller the Eclecticist (OpEE)                  Turns: 39537, Time: 01:32:04

Health: -1/109     AC:  3    Str:  8    XL:     16   Next: 71%
Magic:  1/44       EV: 26    Int: 21    God:    Sif Muna [*****.]
Gold:   2445       SH: 12    Dex: 19    Spells: 28/45 levels left

rFire    + . .     SeeInvis .   b - +3 demon trident (elec)
rCold    . . .     Gourm    .   j - +1 shield
rNeg     . . .     Faith    +   (helmet restricted)
rPois    .         Spirit   .   z - amulet of faith
rElec    .         Reflect  .   l - ring of stealth
rCorr    .         Harm     .   u - ring of wizardry
MR       ++...                  t - +3 ring of evasion
Stlth    ++++......             C - +4 ring of dexterity
HPRegen  0.28/turn              P - ring of protection from fire
MPRegen  0.29/turn              R - ring of protection from magic
                                g - ring of magical power
                                a - +2 ring of protection

@: no casting
A: almost no armour, stealthy swim, amphibious, 8 rings, constrict 8, camouflage
1, gelatinous body 1
a: Stop Divine Energy, Channel Magic, Forget Spell, Renounce Religion


You were on level 2 of the Snake Pit.
You worshipped Sif Muna.
Sif Muna was extremely pleased with you.
You were hungry.

You visited 4 branches of the dungeon, and saw 26 of its levels.
You also visited: Ice Cave.

You collected 2573 gold pieces.
You spent 128 gold pieces at shops.

Inventory:

Hand Weapons
 b - a +3 demon trident of electrocution (weapon)
   (You took it off Urug on level 5 of the Lair of Beasts)
 x - the +1 spear of Nugub {pierce, *Slow rC+ MP+9}
   (You found it on level 5 of the Dungeon)

   It inflicts extra damage upon your enemies.
   It protects you from cold.
   It affects your magic capacity (+9).
   It may slow you when you take damage.
 K - a +6 short sword of freezing
   (You took it off a necromancer in an ice cave)
Missiles
 N - 175 stones (quivered)
Armour
 j - a +1 shield (worn)
   (You found it on level 9 of the Dungeon)
Jewellery
 a - a +2 ring of protection (on tentacle)
   (You found it on level 1 of the Snake Pit)
 g - a ring of magical power (on tentacle)
   (You found it on level 11 of the Dungeon)
 l - a ring of stealth (left tentacle)
   (You found it on level 1 of the Dungeon)
 t - a +3 ring of evasion (on tentacle)
   (You found it on level 4 of the Dungeon)
 u - a ring of wizardry (right tentacle)
   (You found it on level 4 of the Dungeon)
 z - an amulet of faith (around mantle)
   (You found it on level 2 of the Snake Pit)
 C - a +4 ring of dexterity (on tentacle)
   (You found it on level 7 of the Dungeon)
 P - a ring of protection from fire (on tentacle)
   (You found it on level 4 of the Lair of Beasts)
 R - a ring of protection from magic (on tentacle)
   (You found it on level 5 of the Lair of Beasts)
 U - an uncursed ring of see invisible
   (You found it on level 14 of the Dungeon)
Wands
 D - a wand of flame (30)
   (You found it on level 7 of the Dungeon)
 E - a wand of enslavement (7)
   (You found it on level 10 of the Dungeon)
 G - a wand of digging (7)
   (You found it on level 4 of the Lair of Beasts)
 O - a wand of iceblast (11)
   (You found it on level 4 of the Lair of Beasts)
 S - a wand of scattershot (2)
   (You found it on level 14 of the Dungeon)
 W - a wand of paralysis (7)
   (You found it on level 2 of the Snake Pit)
Scrolls
 e - 7 scrolls of enchant weapon
 f - 2 scrolls of enchant armour
 i - 14 scrolls of remove curse
 k - 6 scrolls of teleportation
 n - 2 scrolls of blinking
 v - a scroll of summoning
 y - 2 scrolls of amnesia
 H - 3 scrolls of holy word
 I - 2 scrolls of silence
 J - 3 scrolls of immolation
 L - a scroll of magic mapping
 Q - 3 scrolls of identify
 T - a scroll of torment
Potions
 d - 2 potions of brilliance
 h - 9 potions of flight
 m - 16 potions of curing
 o - a potion of magic
 p - 2 potions of haste
 q - a potion of resistance
 r - 2 potions of invisibility
 s - 4 potions of mutation
 A - 2 potions of cancellation
 B - 5 potions of might
 F - 2 potions of ambrosia
 M - 3 potions of agility
Miscellaneous
 V - a phantom mirror
Comestibles
 c - 7 rations
 w - 4 chunks of flesh


   Skills:
 + Level 10.2 Fighting
 + Level 13.3 Dodging
 - Level 2.6 Stealth
 - Level 9.1 Shields
 - Level 15.0 Spellcasting
 - Level 2.0 Conjurations
 - Level 6.0 Transmutations
 - Level 14.4 Earth Magic


You had 28 spell levels left.
You knew the following spells:

 Your Spells              Type           Power        Failure   Level  Hunger
a - Sandblast             Erth           ######       0%          1    None
b - Passwall              Tmut/Erth      ######..     1%          2    None
c - Stone Arrow           Conj/Erth      ######       1%          3    None
d - Lee's Rapid Deconstr  Erth           ######....   1%          5    ###....
e - Statue Form           Tmut/Erth      ######...    8%          6    #####..

Your spell library contained the following spells:

 Spells                   Type           Power        Failure   Level  Hunger
 Magic Dart               Conj           ###.         1%          1    None
 Sticks to Snakes         Tmut           #####...     1%          2    None
 Petrify                  Tmut/Erth      ######..     1%          4    None
 Flame Tongue             Conj/Fire      ###..        2%          1    None
 Sting                    Conj/Pois      ###.         2%          1    None
 Searing Ray              Conj           ###...       2%          2    None
 Spider Form              Tmut/Pois      ####......   2%          3    None
 Confusing Touch          Hex            ###...       3%          1    None
 Corona                   Hex            ###....      3%          1    None
 Freeze                   Ice            ###.         3%          1    None
 Summon Small Mammal      Summ           ###.         3%          1    None
 Throw Frost              Conj/Ice       ###...       3%          2    None
 Blink                    Tloc           N/A          4%          2    None
 Call Imp                 Summ           ###.....     4%          2    None
 Ensorcelled Hibernation  Hex/Ice        ###...       4%          2    None
 Poisonous Vapours        Pois/Air       ###...       4%          2    None
 Shroud of Golubria       Chrm/Tloc      ###.......   4%          2    None
 Slow                     Hex            ###.....     4%          2    None
 Ignite Poison            Fire/Tmut/Pois ###.....     4%          3    None
 Conjure Flame            Conj/Fire      ###.....     6%          3    None
 Dazzling Spray           Conj/Hex       ###...       6%          3    None
 Mephitic Cloud           Conj/Pois/Air  ###.....     8%          3    None
 Confuse                  Hex            ###.....     10%         3    None
 Gell's Gravitas          Tloc           ###.......   10%         3    None
 Lesser Beckoning         Tloc           ###.......   10%         3    None
 Ozocubu's Armour         Chrm/Ice       ###.....     10%         3    None
 Recall                   Summ/Tloc      N/A          10%         3    None
 Teleport Other           Tloc           ###.....     10%         3    None
 Tukima's Dance           Hex            ###.....     10%         3    None
 Ice Form                 Ice/Tmut       ####....     10%         4    None
 Iskenderun's Mystic Bla  Conj           ###.....     14%         4    None
 Force Lance              Conj/Tloc      ###.....     21%         4    None
 Fulminant Prism          Conj/Hex       ###.......   21%         4    None
 Throw Icicle             Conj/Ice       ###.....     21%         4    None
 Yara's Violent Unravell  Hex/Tmut       ####......   26%         5    ###....
 Cause Fear               Hex            ###.......   32%         4    None
 Olgreb's Toxic Radiance  Pois           ###.....     32%         4    None
 Passage of Golubria      Tloc           N/A          32%         4    None
 Summon Ice Beast         Ice/Summ       ###.....     32%         4    None
 Hydra Form               Tmut           #####.....   38%         6    #####..
 Venom Bolt               Conj/Pois      ###.......   50%         5    ###....
 Aura of Abjuration       Summ           ###.......   63%         5    ###....
 Metabolic Englaciation   Hex/Ice        ###.......   63%         5    ###....
 Summon Demon             Summ           ###.......   63%         5    ###....
 Summon Forest            Summ/Tloc      ###.......   63%         5    ###....
 Summon Mana Viper        Hex/Summ       ###.....     63%         5    ###....
 Dragon Form              Tmut           #####.....   90%         7    ######.
 Bolt of Fire             Conj/Fire      ###.......   96%         6    #####..
 Freezing Cloud           Conj/Ice/Air   ###.......   97%         6    #####..
 Dispersal                Tloc           ###.......   99%         6    #####..
 Shadow Creatures         Summ           N/A          99%         6    #####..
 Ring of Flames           Chrm/Fire      ###.......   100%        7    ######.
 Necromutation            Tmut/Necr      ####......   100%        8    #######
 Dragon's Call            Summ           ###.......   100%        9    #######
 Shatter                  Erth           ######....   100%        9    #######


Dungeon Overview and Level Annotations

Branches:
Dungeon (15/15)            Temple (0/1) D:6            Lair (6/6) D:10
 Shoals (0/4) Lair:2        Snake (3/4) Lair:3          Orc (2/2) D:12
    Elf (0/3) Orc:2        Vaults (0/5) D:14         Depths (0/5) D:15
  Slime: Lair:5-6

Altars:
Makhleb
Nemelex Xobeh
Okawaru
Sif Muna
Trog

Shops:
Orc:2 :*[(

Annotations:
D:8 Gastronok


Innate Abilities, Weirdness & Mutations

You cannot wear most types of armour.
You are very stealthy in the water. (Stealth+)
You are amphibious.
You can wear up to eight rings at the same time.
You can use your tentacles to constrict eight enemies at once.
Your skin changes colour to match your surroundings (Stealth+).
Your rubbery body absorbs attacks. (AC +1, EV +1)


Message History

Unknown command.
Unknown command.
You block the black mamba's attack.
You see here a +0 robe.
Casting: Lee's Rapid Deconstruction (safe; 1% risk of failure)
Confirm with . or Enter, or press ? or * to list all spells.
Aiming: Lee's Rapid Deconstruction (safe; 1% risk of failure)
Press: ? - help, Dir - move target cursor A rock wall.
The wall shatters!
The blast of rock fragments hits the salamander.
The salamander is severely wounded.
The blast of rock fragments hits the black mamba.
The black mamba is lightly wounded.
The black mamba bites you!
* * * LOW HITPOINT WARNING * * *
The salamander completely misses you. The black mamba closely misses you.
The salamander hits you!
* * * LOW HITPOINT WARNING * * *
You are engulfed in flames.
You resist.
* * * LOW HITPOINT WARNING * * *
Unknown command.
Casting: Lee's Rapid Deconstruction (safe; 1% risk of failure)
Confirm with . or Enter, or press ? or * to list all spells.
You miscast Statue Form.
Sif Muna protects you from the effects of your miscast!
Sif Muna grants you divine energy.
You briefly lose access to your magic!
You block the black mamba's attack. You block the salamander's attack.
You block the black mamba's attack.
Unknown command.
Unknown command.
Your shield prevents you from hitting the black mamba.
You grab the black mamba. You squeeze the black mamba.
The black mamba is lightly wounded.
You constrict the black mamba. You block the salamander's attack.
The black mamba bites you!
* * * LOW HITPOINT WARNING * * *
You block the salamander's attack. The black mamba misses you.
The salamander barely misses you.
You puncture the salamander! You grab the salamander.
You squeeze the salamander.
The salamander is severely wounded.
You constrict the salamander.
You constrict the black mamba, but do no damage.
You block the black mamba's attack. The black mamba misses you.
The salamander completely misses you. The black mamba barely misses you.
The salamander hits you!
* * * LOW HITPOINT WARNING * * *
You are engulfed in flames.
You resist.
You die...

##..#..###.##.####.####......)(..
####..###.##### ##..........(...
#...##.## #...........(...
###...## ##.#.........(...
##..#.## #.##.............
##..#...### ##.####.[...).<...
##.........## ##)## ###(........
............###NS.######....(...#
#.##........##.#@....##.######..#
#..#.........#.#........# ##.#
.............#.#.....##.#######..
......................#.#.....#..
........................#.....#..
......#.................#.....#..
.......#......#.........#........
..#....##.#....##............###.
.......####...####..........## ##


You could see a salamander and a black mamba.

Vanquished Creatures
  Kirke (D:15)
  2 nagarajas
  An orc warlord (Orc:2)
  Snorg (D:11)
  A naga warrior (Snake:2)
  7 hydras
  An ogre mage (D:14)
  7 anacondas
  4 centaur warriors
  8 two-headed ogres
  4 orc high priests (Orc:2)
  Urug (Lair:5)
  8 naga sharpshooters
  5 shock serpents
  A deep elf knight (D:14)
  Sonja (D:13)
  A skeletal warrior (D:14)
  An unseen horror (D:10)
  2 sea snakes (Lair:5)
  A glowing orange brain (D:15)
  A naga ritualist (Snake:1)
  A lindwurm (shapeshifter) (D:15)
  A necromancer (IceCv)
  5 mana vipers
  A wolf spider zombie (D:15)
  6 deep elf magi
  4 manticores
  Pikel (D:8)
  3 orc knights (Orc:2)
  4 orc sorcerers (Orc:2)
  3 salamanders
  8 ugly things
  A cyclops (D:15)
  17 black mambas
  A guardian serpent (shapeshifter) (D:15)
  A black mamba (shapeshifter) (D:15)
  12 naga magi
  3 ice statues (IceCv)
  A spiny frog (shapeshifter) (D:15)
  7 centaur skeletons
  3 gargoyles
  8 spiny frogs
  2 rime drakes
  A kobold demonologist (D:12)
  7 ice devils (IceCv)
  A tengu conjurer (D:15)
  7 komodo dragons
  4 yaktaurs (D:15)
  A merfolk (Lair:2)
  6 polar bears
  6 trolls
  6 meliai
  2 hornets
  9 blink frogs
  14 slime creatures
  2 dream sheep (D:8)
  13 hippogriffs
  A shadow (D:15)
  A wraith (D:13)
  A vampire (D:15)
  A wyvern (Lair:6)
  53 yaks
  2 hogs (D:15)
  2 basilisks
  2 hungry ghosts
  7 vampire mosquitoes
  A warg (shapeshifter) (D:15)
  24 nagas
  6 wargs
  An acid dragon (D:14)
  9 porcupines
  17 water moccasins
  24 orc warriors
  An ice beast (D:9)
  5 black bears
  A necrophage (D:12)
  4 phantoms
  5 sky beasts
  6 ogres
  An eye of draining (D:13)
  18 centaurs
  9 crocodiles
  7 big kobolds
  16 bullfrogs
  A wyvern skeleton (D:14)
  4 scorpions
  6 killer bees
  11 wights
  8 electric eels
  6 crimson imps
  5 centaur zombies
  A howler monkey (D:12)
  2 bullfrog zombies
  13 orc priests
  8 hounds
  3 jellies
  2 bullfrog skeletons
  26 orc wizards
  An iguana (D:11)
  2 troll simulacra (IceCv)
  10 worker ants
  3 centaur simulacra (IceCv)
  A hound zombie (D:8)
  A worker ant zombie (D:6)
  4 gnolls
  A howler monkey skeleton (D:11)
  15 adders
  2 naga simulacra (IceCv)
  3 ogre simulacra (IceCv)
  5 shadow imps
  12 white imps (Lair:3)
  An adder skeleton (D:5)
  A dart slug (D:1)
  6 leopard geckos
  84 orcs
  6 giant cockroaches
  5 goblins
  8 hobgoblins
  2 jackals (D:11)
  23 kobolds
  7 quokkas
  6 bats
  11 frilled lizards
  2 jackal skeletons
  A quokka zombie (D:5)
  9 rats
  3 fungi
787 creatures vanquished.

Vanquished Creatures (others)
  A slave (D:9)
  A crimson imp (D:15)
  15 fungi
  22 plants
39 creatures vanquished.

Grand Total: 826 creatures vanquished

Notes
Turn   | Place    | Note
-------+----------+-------------------------------------------
     0 | D:1      | Flugkiller the Octopode Earth Elementalist began the quest
                  | for the Orb.
     0 | D:1      | Reached XP level 1. HP: 11/11 MP: 3/3
   406 | D:1      | Reached XP level 2. HP: 11/17 MP: 5/5
   607 | D:1      | Learned a level 2 spell: Passwall
   965 | D:1      | Reached XP level 3. HP: 21/21 MP: 6/6
  1187 | D:2      | Found a deep blue altar of Sif Muna.
  1193 | D:2      | Became a worshipper of Sif Muna the Loreminder
  1711 | D:3      | Reached skill level 3 in Spellcasting
  1887 | D:3      | Reached XP level 4. HP: 25/27 MP: 8/8
  2086 | D:3      | Learned a level 3 spell: Stone Arrow
  2737 | D:4      | Reached skill level 1 in Conjurations
  2737 | D:4      | Reached XP level 5. HP: 13/31 MP: 6/10
  3395 | D:4      | Reached * piety under Sif Muna
  3422 | D:4      | Noticed an ogre
  3443 | D:4      | Killed an ogre
  3443 | D:4      | Reached skill level 4 in Spellcasting
  3443 | D:4      | Reached skill level 5 in Earth Magic
  3443 | D:4      | Reached XP level 6. HP: 36/36 MP: 8/12
  3660 | D:5      | Entered Level 5 of the Dungeon
  4305 | D:5      | Got a smoking spear
  4316 | D:5      | Identified the cursed +1 spear of Nugub {pierce, *Slow rC+
                  | MP+9} (You found it on level 5 of the Dungeon)
  4410 | D:5      | Reached XP level 7. HP: 38/41 MP: 14/14
  4594 | D:6      | Reached skill level 5 in Spellcasting
  4624 | D:5      | Reached ** piety under Sif Muna
  4773 | D:6      | Found an iron altar of Okawaru.
  4984 | D:6      | Reached XP level 8. HP: 11/46 MP: 15/16
  5249 | D:6      | Reached skill level 6 in Spellcasting
  5256 | D:6      | Learned a level 5 spell: Lee's Rapid Deconstruction
  5275 | D:6      | Found a staircase to the Ecumenical Temple.
  5790 | D:7      | Reached *** piety under Sif Muna
  6462 | D:8      | Reached XP level 9. HP: 51/51 MP: 18/18
  6474 | D:8      | Noticed a two-headed ogre
  6610 | D:8      | Noticed Gastronok
  7243 | D:8      | Reached skill level 5 in Dodging
  7415 | D:8      | Noticed a three-headed hydra
  7430 | D:8      | Reached skill level 10 in Earth Magic
  7573 | D:8      | Killed a three-headed hydra
  7573 | D:8      | Reached XP level 10. HP: 56/56 MP: 16/19
  7686 | D:8      | Found a burning altar of Makhleb.
  7944 | D:9      | Noticed Pikel
  7965 | D:9      | Noticed a two-headed ogre
  7979 | D:9      | Killed a two-headed ogre
  7979 | D:9      | Reached **** piety under Sif Muna
  8538 | D:9      | Noticed a two-headed ogre
  8602 | D:8      | Killed Pikel
  8962 | D:9      | Killed a two-headed ogre
  8962 | D:9      | Reached XP level 11. HP: 61/61 MP: 18/20
  9012 | D:8      | Killed a two-headed ogre
  9433 | D:10     | Entered Level 10 of the Dungeon
  9622 | D:10     | god I hate these open floors
 10190 | D:10     | Noticed a two-headed ogre
 10215 | D:10     | Killed a two-headed ogre
 10215 | D:10     | Reached skill level 10 in Dodging
 10233 | D:10     | Killed an unseen horror
 10571 | D:10     | Reached skill level 1 in Fighting
 10584 | D:10     | Reached ***** piety under Sif Muna
 10788 | D:10     | Found a staircase to the Lair.
 11116 | Lair:1   | Entered Level 1 of the Lair of Beasts
 11185 | Lair:1   | great
 11256 | Lair:1   | Noticed a seven-headed hydra
 11260 | Lair:1   | Killed a seven-headed hydra
 11598 | D:10     | Reached XP level 12. HP: 60/74 MP: 22/22
 11716 | Lair:1   | Identified Sif Muna's Disquisition on Creative Moulding
                  | (Sif Muna gifted it to you on level 1 of the Lair of
                  | Beasts)
 11716 | Lair:1   | Received a gift from Sif Muna
 11716 | Lair:1   | Reached skill level 7 in Spellcasting
 11718 | Lair:1   | gotem
 11725 | Lair:1   | Learned a level 6 spell: Statue Form
 11879 | Lair:1   | Noticed an eight-headed hydra
 11894 | Lair:1   | Killed an eight-headed hydra
 12038 | Lair:1   | Reached skill level 5 in Fighting
 13079 | Lair:2   | Found a staircase to the Shoals.
 14034 | Lair:3   | Found a frozen archway.
 14083 | Lair:3   | Found a staircase to the Snake Pit.
 14096 | IceCv    | Entered an ice cave
 14344 | IceCv    | Reached skill level 8 in Spellcasting
 15733 | IceCv    | Reached skill level 5 in Transmutations
 16021 | Lair:3   | Reached XP level 13. HP: 83/83 MP: 25/25
 16629 | Lair:3   | Identified Keupsoj's Grimoire of Displacement (Sif Muna
                  | gifted it to you on level 3 of the Lair of Beasts)
 16629 | Lair:3   | Received a gift from Sif Muna
 17048 | Lair:4   | Reached skill level 9 in Spellcasting
 19175 | Lair:5   | Reached skill level 10 in Spellcasting
 19181 | Lair:5   | Noticed Urug
 19190 | Lair:5   | Killed Urug
 19522 | Lair:6   | Entered Level 6 of the Lair of Beasts
 20389 | Lair:5   | Reached skill level 11 in Spellcasting
 21164 | Lair:5   | Received a gift from Sif Muna
 21474 | D:11     | Noticed Snorg
 21479 | D:11     | Killed Snorg
 21479 | D:11     | Reached XP level 14. HP: 90/90 MP: 13/29
 21788 | D:11     | Reached skill level 12 in Spellcasting
 23407 | D:12     | Found a staircase to the Orcish Mines.
 23437 | D:12     | Found a bloodstained altar of Trog.
 23834 | D:12     | Reached skill level 13 in Spellcasting
 24533 | D:13     | Noticed Sonja
 24536 | D:13     | Killed Sonja
 24996 | D:13     | Identified Sif Muna's Disquisition on Mutagenic Creation
                  | (Sif Muna gifted it to you on level 13 of the Dungeon)
 24996 | D:13     | Received a gift from Sif Muna
 25721 | D:13     | Reached skill level 14 in Spellcasting
 27104 | D:14     | Reached XP level 15. HP: 97/97 MP: 31/33
 27457 | D:14     | Found a gate to the Vaults.
 27898 | D:15     | Entered Level 15 of the Dungeon
 28846 | D:15     | Reached skill level 1 in Shields
 29049 | D:15     | Noticed Kirke
 29057 | D:15     | Killed Kirke
 29997 | D:15     | Reached skill level 5 in Shields
 30754 | D:15     | Found a staircase to the Depths.
 30972 | Orc:1    | Entered Level 1 of the Orcish Mines
 31520 | Orc:2    | Entered Level 2 of the Orcish Mines
 32101 | Orc:2    | Noticed an orc warlord
 32326 | Orc:2    | Found a staircase to the Elven Halls.
 33528 | Snake:1  | Entered Level 1 of the Snake Pit
 34377 | Snake:1  | Reached XP level 16. HP: 105/105 MP: 0/34
 35105 | Snake:2  | Identified Oskiajess's Volume of Dusty Changing (Sif Muna
                  | gifted it to you on level 2 of the Snake Pit)
 35105 | Snake:2  | Received a gift from Sif Muna
 35105 | Snake:2  | Reached skill level 15 in Spellcasting
 36681 | Orc:2    | Found Emuamm's General Store.
 36686 | Orc:2    | Found Jughyuf's Book Emporium.
 36687 | Orc:2    | Found Webu's Antique Armour Shoppe.
 36687 | Orc:2    | Found Dothoz's Antique Weapon Shoppe.
 36709 | Orc:2    | Bought a scroll of teleportation for 48 gold pieces
 36709 | Orc:2    | Bought a ration for 80 gold pieces
 37286 | Snake:2  | Noticed a nagaraja
 37291 | Snake:2  | Killed a nagaraja
 38319 | Snake:3  | Noticed a nagaraja
 38689 | Snake:3  | Found a sparkling altar of Nemelex Xobeh.
 39331 | Snake:3  | Killed a nagaraja
 39331 | Snake:3  | Reached skill level 10 in Fighting
 39537 | Snake:2  | HP: 5/109 [salamander (9)]
 39537 | Snake:2  | Slain by a salamander

Vault maps used:
D:1:      psy_arrival_spokes
D:2:      led_sif_pool
D:4:      minivault_1, item_on_display_a
D:5:      first_ration
D:6:      temple_fountains, okawaru_ov_weapons_minmay
D:8:      kennysheep_diamond, hangedman_ranch, uniq_gastronok
D:9:      kennysheep_generic_room_5, uniq_pikel
D:10:     erik_lair_orcish_takeover
D:11:     uniq_snorg
D:12:     orc_0_dummy, trog_ov_bears_minmay
D:13:     uniq_sonja
D:14:     hangedman_vaults_entry_quadrant_bands
D:15:     gammafunk_enter_depths_forms, minmay_misc_feat_plants, wad_dig_loot,
          uniq_kirke
Lair:1:   st_stairs_13, hangedman_lair_generics_rect,
          infiniplex_staircase_pool_2
Lair:2:   elwin_shoals_entry_rooms, infiniplex_staircase_pool,
          serial_bayou_shore_b
Lair:3:   dummy_snake_entry, portal_ice_cave_entry_imps, serial_bayou_lake_a,
          grunt_megastairs_3
Lair:4:   serial_bayou_shore_a
Lair:5:   uniq_urug
Lair:6:   gammafunk_lair_ancient_temple, slime_dummy
Snake:1:  nicolae_snake_nest
Snake:3:  basic_altar, nicolae_snake_squiggles, minmay_shop_grove,
          lemuel_fruit_tree
Orc:1:    basic_altar
Orc:2:    st_orc_congregation
IceCv:    ice_cave_tombish

Skill      XL: |  1  2  3  4  5  6  7  8  9 10 11 12 13 14 15 16 |
---------------+-------------------------------------------------+-----
Spellcasting   | 3 4 5 6 8 11 14 15 | 15.0
Earth Magic    | 4 5 6 9 10 12 13 14 | 14.4
Conjurations   | 1 2 |  2.0
Dodging        | 3 7 9 11 12 13 | 13.3
Fighting       | 4 6 7 8 10 | 10.2
Transmutations | 5 6 |  6.0
Shields        | 8 9 |  9.1
Stealth        | |  2.6

Action                   |  1- 3 |  4- 6 |  7- 9 | 10-12 | 13-15 | 16-18 || total
-------------------------+-------+-------+-------+-------+-------+-------++-------
Melee: Dagger            |    39 |    26 |       |       |       |       ||    65
       Unarmed           |     4 |       |       |       |       |       ||     4
       Constrict         |     9 |     7 |     3 |     1 |     8 |    14 ||    42
       Tentacles         |     9 |     4 |     2 |     2 |     3 |    30 ||    50
       Spear             |       |     1 |    16 |    12 |    25 |       ||    54
       Demon trident     |       |       |       |       |       |   140 ||   140
Throw: Stone             |       |     1 |     1 |    10 |       |     2 ||    14
 Cast: Sandblast         |    29 |    56 |   105 |   308 |   111 |    12 ||   621
       Stone Arrow       |       |     8 |    13 |    17 |   426 |    40 ||   504
       Passwall          |       |     2 |       |     1 |     2 |     2 ||     7
       Lee's Rapid Decon |       |       |    23 |    72 |   299 |    99 ||   493
       Statue Form       |       |       |       |       |     9 |    15 ||    24
Invok: Divine Energy     |       |       |       |       |     1 |       ||     1
Evoke: Wand              |       |       |       |       |    17 |       ||    17
  Use: Scroll            |     6 |     2 |     9 |     6 |    16 |     1 ||    40
       Potion            |       |       |       |     1 |     2 |     2 ||     5
 Stab: Sleeping          |     5 |     4 |       |       |       |     1 ||    10
  Eat: Chunk             |     3 |     5 |    14 |    15 |    53 |     8 ||    98
       Ration            |       |     1 |     1 |     9 |    13 |     6 ||    30
Armor: Skin              |     7 |     4 |     3 |     1 |    59 |    92 ||   166
Dodge: Dodged            |    39 |    19 |    50 |   216 |   506 |   363 ||  1193
Block: Shield            |       |       |       |       |    38 |   251 ||   289

Table legend:
 A = Non-vault XP
 B = Vault XP
 C = Vault XP percentage of total XP
 D = Non-vault monster count
 E = Vault monster count
 F = Vault count percentage of total count
                 A         B        C        D         E       F
            +---------+---------+-------+---------+---------+-------
      Total |  116668 |   49530 |  29.8 |     608 |     176 |  22.4
            +---------+---------+-------+---------+---------+-------
        D:1 |      35 |       0 |   0.0 |      21 |       0 |   0.0
        D:2 |      21 |       0 |   0.0 |       6 |       0 |   0.0
        D:3 |      61 |       0 |   0.0 |      26 |       0 |   0.0
        D:4 |     327 |       0 |   0.0 |      14 |       0 |   0.0
        D:5 |     399 |       0 |   0.0 |      19 |       0 |   0.0
        D:6 |     913 |       0 |   0.0 |      29 |       0 |   0.0
        D:7 |     551 |       0 |   0.0 |      12 |       0 |   0.0
        D:8 |    1939 |    3072 |  61.3 |      27 |      12 |  30.8
        D:9 |    2647 |     481 |  15.4 |      24 |       2 |   7.7
       D:10 |    4570 |    1444 |  24.0 |      37 |      11 |  22.9
       D:11 |    5847 |    1185 |  16.9 |      43 |       1 |   2.3
       D:12 |    6520 |     586 |   8.2 |      33 |       2 |   5.7
       D:13 |    9072 |     802 |   8.1 |      50 |       1 |   2.0
       D:14 |    4869 |    9570 |  66.3 |      24 |      17 |  41.5
       D:15 |   11831 |    8044 |  40.5 |      36 |      15 |  29.4
     Lair:1 |    2918 |    2438 |  45.5 |      11 |       6 |  35.3
     Lair:2 |    4216 |     313 |   6.9 |      21 |       1 |   4.5
     Lair:3 |    4542 |     124 |   2.7 |      24 |      12 |  33.3
     Lair:4 |    2860 |       0 |   0.0 |      16 |       0 |   0.0
     Lair:5 |    7612 |    4155 |  35.3 |      27 |       9 |  25.0
     Lair:6 |    1402 |    1730 |  55.2 |       5 |       6 |  54.5
    Snake:1 |   15596 |       0 |   0.0 |      28 |       0 |   0.0
    Snake:2 |   16855 |       0 |   0.0 |      33 |       0 |   0.0
    Snake:3 |    8969 |       0 |   0.0 |      19 |       0 |   0.0
      Orc:1 |     899 |       0 |   0.0 |      14 |       0 |   0.0
      Orc:2 |    1197 |   11032 |  90.2 |       9 |      60 |  87.0
      IceCv |       0 |    4554 | 100.0 |       0 |      21 | 100.0
            +---------+---------+-------+---------+---------+-------
